 Dungeon Crawl Stone Soup version 0.19-a0-1678-g8ce114c (webtiles) character file.

14144 Flanowski the Earth Mage (level 12, -5/66 HPs)
             Began as a Gargoyle Earth Elementalist on Sept 24, 2016.
             Was an Elder of Vehumet.
             Killed from afar by Frances (29 damage)
             ... with an iron shot
             ... on level 12 of the Dungeon.
             The game lasted 00:43:00 (13530 turns).

Flanowski the Earth Mage (GrEE)                    Turns: 13530, Time: 00:43:00

Health: -5/66      AC: 20    Str: 13    XL:     12   Next: 13%
Magic:  2/34       EV: 15    Int: 20    God:    Vehumet [****..]
Gold:   702        SH:  2    Dex: 17    Spells: 3 memorised, 20 levels left

rFire  . . .     SeeInvis .     H - +7 spear of Skirmishing {pain, Dex+4}
rCold  . . .     Gourm    .     K - +2 robe {MR+}
rNeg   + . .     Faith    .     (no shield)
rPois  ∞         Spirit   .     I - +2 helmet
rElec  +         Dismiss  .     F - +1 cloak
rCorr  .         Reflect  +     a - +2 pair of gloves
MR     +....     Harm     .     (no boots)
Stlth  ++........               D - amulet "Foughi" {Reflect Dex+3 SH+2}
                                x - ring of flight
                                s - ring of magical power

@: no status effects
A: negative energy resistance 1, electricity resistance, unbreathing,
petrification resistance, rot immunity, AC +8
a: Renounce Religion, Evoke Flight


You were on level 12 of the Dungeon.
You worshipped Vehumet.
Vehumet was greatly pleased with you.
You were not hungry.

You visited 2 branches of the dungeon, and saw 13 of its levels.
You also visited: Ossuary.

You collected 728 gold pieces.
You spent 26 gold pieces at shops.

Inventory:

Hand Weapons
 f - a +1 club
 E - the +8 halberd of Internal Strife {flame, *Rage rN+++ Int-4 SInv}
   (You found it on level 8 of the Dungeon)

   It has been specially enchanted to burn those struck by it, causing extra
   injury to most foes and up to half again as much damage against particularly
   susceptible opponents.
   Big, fiery blades are also staple armaments of hydra-hunters.
   It affects your intelligence (-4).
   It renders you almost immune to negative energy.
   It lets you see invisible.
   It may make you go berserk in combat.
 H - the +7 spear of Skirmishing (weapon) {pain, Dex+4}
   (You found it on level 7 of the Dungeon)

   In the hands of one skilled in necromantic magic, it inflicts extra damage on
   living creatures.
   It affects your dexterity (+4).
Missiles
 b - 287 stones (quivered)
Armour
 a - a +2 pair of gloves (worn)
 c - a +0 robe
 k - a +2 cloak
 F - a +1 cloak (worn)
 I - a +2 helmet (worn)
 K - a +2 robe of magic resistance (worn)
Jewellery
 s - a ring of magical power (left hand)
 t - a +2 amulet of reflection
 x - a ring of flight (right hand)
 D - the amulet "Foughi" (around neck) {Reflect Dex+3 SH+2}
   (You found it on level 5 of the Dungeon)

   [amulet of reflection]

   It shields you and reflects attacks.
   It affects your dexterity (+3).
   It affects your SH (+2).
 P - an uncursed amulet of faith
Wands
 y - a wand of lightning (4/15)
 A - a wand of random effects (5/48)
 C - a wand of lightning (12/15)
 G - a wand of iceblast (4/15)
 J - a wand of flame (13/48)
 M - a wand of lightning (6/15)
 R - a wand of random effects (29/48)
 S - a wand of iceblast (6/15)
Scrolls
 h - 2 scrolls of remove curse
 j - 8 scrolls of teleportation
 m - a scroll of recharging
 n - 3 scrolls of amnesia
 o - 2 scrolls of enchant weapon
 q - 2 scrolls of fear
 N - 2 scrolls of enchant armour
 O - 3 scrolls of identify
Potions
 i - 2 potions of degeneration
 l - a potion of ambrosia
 v - a potion of flight
 z - 4 potions of curing {unknown}
 L - a potion of invisibility {unknown}
 U - a potion of brilliance {unknown}
Books
 e - a book of Geomancy

   Spells                             Type                      Level
   a - Sandblast                      Earth                        1
   b - Passwall                       Transmutation/Earth          2
   c - Stone Arrow                    Conjuration/Earth            3
   d - Petrify                        Transmutation/Earth          4
   e - Lee's Rapid Deconstruction     Earth                        5
 T - a book of the Sky

   Spells                             Type                      Level
   a - Summon Lightning Spire         Summoning/Air                4
   b - Airstrike                      Air                          4
   c - Silence                        Hexes/Air                    5
   d - Deflect Missiles               Charms/Air                   6
   e - Conjure Ball Lightning         Conjuration/Air              6
   f - Tornado                        Air                          9
Comestibles
 d - 11 bread rations
 g - 2 royal jellies
 r - 4 meat rations
 u - 4 fruits
 w - 3 beef jerkies
 B - 8 slices of pizza
 Q - 3 chunks of flesh


   Skills:
 + Level 3.7 Fighting
 + Level 2.4 Polearms
 + Level 5.0 Dodging
 - Level 2.1 Stealth
 + Level 9.4 Spellcasting
 + Level 5.7 Conjurations
   Level 0.7 Transmutations
 * Level 15.8 Earth Magic


You had 20 spell levels left.
You knew the following spells:

 Your Spells              Type           Power        Failure   Level  Hunger
a - Sandblast             Erth           ######       0%          1    None
b - Stone Arrow           Conj/Erth      ######       1%          3    None
c - Lee's Rapid Deconstr  Erth           ######....   1%          5    #####..


Dungeon Overview and Level Annotations

Branches:
Dungeon (12/15)            Temple (1/1) D:5            Lair (0/6) D:10
    Orc: D:9-12

Altars:
Ashenzari
Cheibriados
Dithmenos
Elyvilon
Fedhas
Gozag
Hepliaklqana
Kikubaaqudgha
Makhleb
Nemelex Xobeh
Okawaru
Qazlal
Ru
Sif Muna
Trog
Uskayaw
Vehumet
Xom
Yredelemnul
Zin
The Shining One

Shops:
D:6 *   D:9 *

Portals:
Trove: D:12 (give 2 scrolls of acquirement)

Annotations:
D:4 Edmund
D:12 Frances


Innate Abilities, Weirdness & Mutations

You are resistant to torment.
Your stone body is resilient. (AC +8)
You are immune to poison.
You resist negative energy. (rN+)
You are resistant to electric shocks. (rElec)
You can survive without breathing.
You are immune to petrification.
You are immune to rotting.


Message History

Press: ? - help, Shift-Dir - straight line, f/p - Frances
Aim: Frances, wielding a short sword and wearing a scale mail (almost dead, fast)
The stone arrow misses Frances.
Frances screams a word of power!
The shard of ice hits you!
Ouch! That really hurt!
* * * LOW HITPOINT WARNING * * *
The hellwing hits you but does no damage. x2
Frances screams a word of power!
The red devil hits you from afar with a trident.
* * * LOW HITPOINT WARNING * * *
There is a stone staircase leading down here.
Frances screams a word of power!
You see here a spear.
You feel much better.
Frances screams a word of power!
Frances whispers indecipherable words.
Frances screams a word of power!
The iron shot hits you!
You die...

#### #.# #..#####.#
#.....#..# #.....8..#
#....8.8.# . #...8.∩.8# .
#######....8.8.# .
##.........#.8..# . ###
#.<..@.@.4....).# .
#.###)###.........#######.
#.....# #..###)..## #....
#....## #.## ##3## ##....
##..## #.# #.## ##..##.
#### #.# #.3###.3## # #.#
##4F#.F## .## ##..### ####


You could see Frances and a red devil.

Vanquished Creatures
  Josephine (D:10)
  Erolcha (D:9)
  Erica (D:9)
  An unseen horror (D:10)
  3 hill giants
  2 trolls
  A two-headed ogre (D:9)
  A polar bear (D:8)
  A hippogriff (D:10)
  A vampire (D:10)
  4 wraiths (D:10)
  A human (D:8)
  2 hogs (D:8)
  9 yaks
  A hungry ghost (D:10)
  3 wargs (D:10)
  2 ice beasts
  A phantom (D:5)
  An orc warrior (D:6)
  5 sky beasts
  A black bear (D:9)
  8 ogres
  A wasp (D:10)
  2 wolves (D:8)
  A necrophage (D:7)
  A big kobold (D:7)
  9 centaurs
  6 bullfrogs
  3 scorpions
  8 killer bees
  3 electric eels (D:8)
  3 howler monkeys
  5 wights (D:7)
  7 crimson imps
  3 bullfrog zombies
  4 centaur zombies (Ossuary)
  2 quasits (D:10)
  4 jellies
  3 hounds
  5 orc priests
  2 centaur skeletons
  3 iguanas
  9 worker ants
  Natasha (thrice) (D:4 D:3)
  5 orc wizards
  4 big kobold zombies (Ossuary)
  A hound zombie (D:7)
  A hound skeleton (D:7)
  4 mummies (Ossuary)
  4 gnolls (D:8)
  11 adders
  3 shadow imps
  3 white imps (D:8)
  2 ufetubi (D:8)
  4 oozes
  An adder zombie (D:6)
  2 adder skeletons
  3 worms
  5 dart slugs
  An adder simulacrum (D:8)
  5 leopard geckos
  27 orcs
  2 ball pythons
  6 bats
  4 giant cockroaches
  10 hobgoblins
  11 jackals
  13 kobolds
  9 quokkas
  5 frilled lizards
  8 goblins
  3 hobgoblin zombies (Ossuary)
  A jackal skeleton (D:8)
  A leopard gecko skeleton (D:10)
  6 rats
303 creatures vanquished.

Notes
Turn   | Place    | Note
-------+----------+-------------------------------------------
     0 | D:1      | Flanowski the Gargoyle Earth Elementalist began the quest for the Orb.
     0 | D:1      | Reached XP level 1. HP: 10/10 MP: 3/3
   446 | D:1      | Reached skill level 4 in Earth Magic
   446 | D:1      | Reached XP level 2. HP: 15/15 MP: 5/5
   498 | D:1      | Reached XP level 3. HP: 13/19 MP: 0/6
  1203 | D:1      | Reached skill level 5 in Earth Magic
  1373 | D:1      | Reached XP level 4. HP: 24/24 MP: 3/7
  1722 | D:2      | Found a burning altar of Makhleb.
  1722 | D:2      | Noticed a cacodemon
  1725 | D:2      | Noticed a neqoxec
  1725 | D:2      | Noticed a smoke demon
  2172 | D:2      | You fall through a shaft for 2 floors!
  2175 | D:4      | Noticed Natasha
  2180 | D:4      | Killed Natasha
  2180 | D:4      | Reached XP level 5. HP: 28/28 MP: 5/9
  2330 | D:4      | Noticed Natasha
  2334 | D:4      | Killed Natasha
  2334 | D:4      | Reached skill level 6 in Earth Magic
  2357 | D:4      | Noticed Edmund
  2450 | D:3      | Learned a level 3 spell: Stone Arrow
  3324 | D:4      | Reached XP level 6. HP: 18/33 MP: 10/10
  3588 | D:4      | Reached skill level 1 in Fighting
  3730 | D:4      | Noticed Natasha
  3789 | D:3      | Killed Natasha
  4217 | D:5      | Entered Level 5 of the Dungeon
  4241 | D:5      | Reached skill level 7 in Earth Magic
  4345 | D:5      | Reached XP level 7. HP: 35/38 MP: 1/12
  5104 | D:5      | Reached skill level 8 in Earth Magic
  5439 | D:5      | Reached XP level 8. HP: 44/44 MP: 4/14
  5830 | D:5      | Reached skill level 9 in Earth Magic
  6070 | D:5      | Learned a level 5 spell: Lee's Rapid Deconstruction
  6105 | D:5      | Reached skill level 5 in Spellcasting
  6128 | D:5      | Found a staircase to the Ecumenical Temple.
  6148 | Temple   | Entered the Ecumenical Temple
  6158 | Temple   | Became a worshipper of Vehumet
  6200 | D:5      | Got a brightly glowing ruby amulet
  6260 | D:6      | Reached skill level 1 in Conjurations
  6479 | D:6      | Identified the amulet "Foughi" {Reflect Dex+3 SH+2} (You found it on level 5 of the Dungeon)
  6533 | D:6      | Found a sand-covered staircase.
  6551 | Ossuary  | Entered an ossuary
  6926 | Ossuary  | Reached skill level 10 in Earth Magic
  7286 | D:6      | Reached * piety under Vehumet
  7286 | D:6      | Offered knowledge of Sting by Vehumet.
  7307 | D:6      | Found Qerej's Assorted Antiques.
  7312 | D:6      | Bought a scroll labeled BUAGIY ZATIELO for 26 gold pieces
  7445 | D:6      | Reached XP level 9. HP: 44/48 MP: 17/17
  7723 | D:7      | Reached skill level 11 in Earth Magic
  8370 | D:7      | Reached ** piety under Vehumet
  8372 | D:7      | Offered knowledge of Magic Dart by Vehumet.
  8717 | D:7      | Got a smoking spear
  8718 | D:7      | Identified the +7 spear of Skirmishing {pain, Dex+4} (You found it on level 7 of the Dungeon)
  8944 | D:8      | Reached skill level 12 in Earth Magic
  9071 | D:8      | Reached XP level 10. HP: 54/54 MP: 20/20
  9295 | D:8      | Found a basalt altar of Yredelemnul.
  9309 | D:8      | Found a snail-covered altar of Cheibriados.
  9309 | D:8      | Found a deep blue altar of Sif Muna.
  9426 | D:8      | Got a steaming halberd
  9427 | D:8      | Identified the +8 halberd of Internal Strife {flame, *Rage rN+++ Int-4 SInv} (You found it on level 8 of the Dungeon)
  9441 | D:8      | Offered knowledge of Static Discharge by Vehumet.
  9624 | D:8      | Reached *** piety under Vehumet
  9683 | D:8      | Found a snail-covered altar of Cheibriados.
 10004 | D:8      | Reached skill level 13 in Earth Magic
 10209 | D:9      | Noticed Erica
 10219 | D:9      | Killed Erica
 10286 | D:9      | Offered knowledge of Mephitic Cloud by Vehumet.
 10398 | D:9      | Noticed Erolcha
 10408 | D:9      | Killed Erolcha
 10408 | D:9      | Reached skill level 1 in Polearms
 10408 | D:9      | Reached XP level 11. HP: 31/60 MP: 17/23
 10583 | D:9      | Reached skill level 14 in Earth Magic
 10684 | D:9      | Found Ruofextese's Assorted Antiques.
 10714 | D:9      | Reached skill level 5 in Conjurations
 10796 | D:10     | Entered Level 10 of the Dungeon
 10804 | D:10     | Noticed a hill giant
 10808 | D:10     | Killed a hill giant
 10987 | D:10     | Found a staircase to the Lair.
 11134 | D:10     | Noticed Josephine
 11139 | D:10     | Noticed a hill giant
 11149 | D:10     | Reached **** piety under Vehumet
 11149 | D:10     | Reached skill level 15 in Earth Magic
 11492 | D:10     | Killed a hill giant
 11528 | D:10     | Killed Josephine
 11551 | D:10     | Killed an unseen horror
 12177 | D:10     | Offered knowledge of Yara's Violent Unravelling by Vehumet.
 12268 | D:10     | Reached XP level 12. HP: 66/66 MP: 23/25
 12824 | D:11     | Reached skill level 5 in Dodging
 13442 | D:12     | Found a portal to a secret trove of treasure.
 13498 | D:12     | Noticed Frances
 13503 | D:12     | Noticed a soul eater
 13514 | D:12     | Noticed a soul eater
 13530 | D:12     | Killed from afar by Frances

Vault maps used:
D:1:      minmay_arrival_hallway, minmay_hexomino_p4
D:2:      makhleb_altar_promises_db
D:4:      portal_sewer_entry_e, first_bread, uniq_natasha, uniq_edmund
D:6:      nicolae_ossuary_entry_monument, serial_shops, nicolae_shop_trees
D:7:      hangedman_cross_stitches
D:8:      grunt_temple_overflow_open, serial_ice, serial_ice_m, serial_ice_h,
          serial_ice_c, serial_ice_j, serial_ice_a, serial_ice_b,
          grunt_livestock, kennysheep_flooded_box
D:9:      serial_shops, shop, uniq_erolcha, uniq_erica
D:10:     lemuel_flame_loot_2, erik_lair_orcish_takeover, uniq_josephine
D:11:     minmay_misc_feat_ornament
D:12:     david_orc_4, enter_trove_2, serial_shops, nicolae_shop_behind_doors,
          uniq_frances
Temple:   nicolae_temple_no_exploring_needed
Ossuary:  ossuary_the_hunt_dpeg

Skill      XL: |  1  2  3  4  5  6  7  8  9 10 11 12 |
---------------+-------------------------------------+-----
Earth Magic    | 4 5 6 7 8 10 12 13 15 | 15.8
Dodging        | 2 3 4 5 |  5.0
Spellcasting   | 3 4 5 7 8 9 |  9.4
Fighting       | 1 2 3 |  3.7
Conjurations   | 1 2 4 5 |  5.7
Polearms       | 1 2 |  2.4
Stealth        | |  2.1
Transmutations | |  0.7

Action                   |  1- 3 |  4- 6 |  7- 9 | 10-12 || total
-------------------------+-------+-------+-------+-------++-------
Melee: Club              |    79 |   210 |   133 |       ||   422
       Unarmed           |     1 |       |       |       ||     1
       Spear             |       |       |    10 |   148 ||   158
 Cast: Sandblast         |    27 |    67 |   149 |     1 ||   244
       Stone Arrow       |       |     7 |   120 |   142 ||   269
       Lee's Rapid Decon |       |       |     3 |    27 ||    30
  Use: Scroll            |       |     8 |     6 |     3 ||    17
       Potion            |       |       |     8 |     5 ||    13
 Stab: Sleeping          |     3 |     2 |       |     6 ||    11
       Distracted        |       |       |       |     2 ||     2
  Eat: Chunk             |     1 |    11 |    14 |    18 ||    44
       Bread ration      |       |       |     2 |     1 ||     3
Armor: Robe              |    39 |   134 |   139 |   125 ||   437
       Skin              |       |       |    12 |       ||    12
Dodge: Dodged            |    59 |   231 |   176 |   129 ||   595
Block: Other             |       |    13 |    17 |    16 ||    46
       Reflection        |       |     1 |       |     2 ||     3
